Description

For personal use.

Replay - Serral v Trap: Game 2 - Eternal Empire LE

Build Order

Get SALT Encoding   

  13  0:12  Overlord  
  16  0:48  Hatchery  
  18  1:09  Extractor  
  17  1:13  Spawning Pool  
  20  1:49  Overlord  
  20  2:00  Queen x2  
  30  2:35  Pneumatized Carapace, Overlord  
  31  2:41  Queen  
  35  2:58  Extractor  
  36  3:05  Hatchery  
  36  3:09  Metabolic Boost  
  38  3:23  Queen  
  41  3:29  Overlord  
  41  3:40  Spore Crawler  
  50  4:05  Overlord  
  52  4:16  Queen  
  52  4:17  Spore Crawler  
  61  4:43  Lair  
  65  4:53  Roach Warren  
  67  5:00  Extractor x2  
  71  5:15  Evolution Chamber  
  80  5:36  Extractor x2  
  80  5:41  Zerg Melee Weapons Level 1  
  80  5:54  Hatchery  
  76  5:59  Roach  
  76  6:03  Glial Reconstitution  
  113  6:52  Ravager  
  121  7:00  Baneling Nest, Extractor  
  122  7:24  Queen  
  133  7:40  Zerg Melee Weapons Level 2  
  133  7:43  Evolution Chamber  
  132  7:46  Centrifical Hooks  
  132  7:49  Overseer  
  144  8:23  Zerg Missile Weapons Level 1  
  151  8:35  Hatchery  
  150  8:43  Infestation Pit  
  175  9:24  Hive  
  191  9:57  Zerg Ground Armor Level 1  
  191  9:58  Spire  
Spawning Tool Build Advisor. Get it on Overwolf

Go to:

Details

  • Created by: TinyPumpkin
  • Published on: Aug 11, 2020
  • Modified on: Aug 11, 2020
  • Patch: 4.11.0
  • Difficulty: Easy
Show
View Real Time Build Order
Export as new Build Order

Comments (0)

There are no comments. Be the first!

Create an account to comment!